 Dungeon Crawl Stone Soup version 0.27-a0-1105-g946c659c87 (webtiles) character file.

Game seed: 13764033960914915484

246 dickylongcocking the Insei (level 6, 0/38 HPs)
             Began as an Octopode Transmuter on Apr 30, 2021.
             Slain by a kobold
             ... wielding a +0 club
              (3 damage)
             ... in a sewer.
             The game lasted 00:01:56 (3510 turns).

dickylongcocking the Insei (Octopode Transmuter)    Turns: 3510, Time: 00:01:57

Health: 0/38       AC:  1    Str: 10    XL:     6   Next: 11%
Magic:  8/9        EV: 13    Int: 17    God:
Gold:   101        SH:  0    Dex: 12    Spells: 6/9 levels left

rFire    . . .     SeeInvis .     - Unarmed
rCold    . . .     Faith    .   (no shield)
rNeg     . . .     Spirit   .   (helmet currently unavailable)
rPois    .         Reflect  .   (no amulet)
rElec    .         Harm     .   (no ring)
rCorr    .         Rampage  .   (no ring)
Will     .....                  (no ring)
Stlth    +++++.....             (no ring)
HPRegen  0.12/turn              (no ring)
MPRegen  0.11/turn              (no ring)
                                (no ring)
                                (no ring)

@: brilliant, lethally poisoned (0 -> -7), appendages, slowed, very slow
A: tentacle spike 3, almost no armour, amphibious, 8 rings, camouflage 1,
gelatinous body 1, nimble swimmer 1, tentacles
a: End Transformation


You were in a sewer.
One of your tentacles had grown a beastly spike.
You visited 1 branch of the dungeon, and saw 3 of its levels.
You also visited: Sewer.

You collected 101 gold pieces.

Inventory:

Missiles
 h - 2 throwing nets
Scrolls
 a - 3 scrolls of teleportation {unknown}
 b - a scroll of noise {unknown}
 c - a scroll of brand weapon {unknown}
 f - a scroll of torment {unknown}
 g - a scroll of vulnerability {unknown}
 i - a scroll of immolation {unknown}
Potions
 d - a potion of brilliance


   Skills:
 + Level 1.2 Fighting
 - Level 2.0 Dodging
 - Level 4.3 Stealth
 + Level 5.5 Unarmed Combat
 - Level 2.0 Spellcasting
 * Level 2.3 Transmutations


You had 6 spell levels left.
You knew the following spells:

 Your Spells              Type           Power      Damage    Failure   Level
a - Beastly Appendage     Tmut           28%        N/A       8%          1
b - Wereblood             Tmut           14%        N/A       12%         2

Your spell library contained the following spells:

 Spells                   Type           Power      Damage    Failure   Level
 Spider Form              Tmut/Pois      4%         N/A       36%         3
 Ice Form                 Ice/Tmut       8%         N/A       77%         4
 Hydra Form               Tmut           7%         N/A       91%         5


Dungeon Overview and Level Annotations

Branches:
Dungeon (3/15)              Sewer (1/1)

Altars:


Innate Abilities, Weirdness & Mutations

One of your tentacles has grown a beastly spike.
You cannot wear most types of armour.
You are amphibious.
You can wear up to eight rings at the same time.
Your skin changes colour to match your surroundings (Stealth+).
Your rubbery body absorbs attacks. (AC +1, EV +1)
You are camouflaged near water. (Stealth+)
You have tentacles for arms and can constrict up to eight enemies at once.


Message History

Confirm with . or Enter, or press ? or * to list all spells.
Okay, then.
Okay, then.
Casting: Beastly Appendage (safe; 8% risk of failure)
Confirm with . or Enter, or press ? or * to list all spells.
You feel a surge of power!
You extend your transformation's duration.
The kobold brigand throws a curare-tipped dart.
The curare-tipped dart hits you.
You are poisoned.
You have difficulty breathing.
You feel yourself slow down.
Unknown command.
Casting: Beastly Appendage (safe; 8% risk of failure)
Confirm with . or Enter, or press ? or * to list all spells.
Okay, then.
Okay, then.
You aren't carrying any items that you can evoke.
Unknown command.
Okay, then.
* * * LOW HITPOINT WARNING * * *
You feel very sick. The kobold hits you with a +0 club.
* * * LOW HITPOINT WARNING * * *
The kobold brigand barely misses you.
The kobold splashes around in the water.
You closely miss the kobold brigand. You grab the kobold brigand.
You pierce the kobold brigand.
You squeeze the kobold brigand.
The kobold brigand is lightly wounded.
You constrict the kobold brigand.
* * * LOW HITPOINT WARNING * * *
You feel very sick. The kobold brigand barely misses you.
The kobold closely misses you.
The kobold brigand splashes around in the water.
Unknown command.
You tentacle-slap the kobold brigand. You squeeze the kobold brigand.
The kobold brigand is moderately wounded.
You constrict the kobold brigand.
* * * LOW HITPOINT WARNING * * *
You feel sick. The kobold hits you with a +0 club.
You die...

##....... .≈.....#
≈≈....# ..... ...
####.#### #.≈≈h)..#
#..≈Kh..# #≈≈≈≈@K.#
#.≈≈≈≈≈.# #≈≈≈≈≈≈≈#
#.≈≈≈≈≈.# #.≈≈≈≈≈.#
############..≈≈≈..#
≈≈≈≈≈≈≈≈≈≈≈≈≈≈≈≈≈.≈#
############.≈≈≈≈≈.#
##.≈≈≈≈##


You could see a kobold brigand, 2 jackals and a kobold.

Vanquished Creatures
  Sigmund (D:2)
  2 river rats (Sewer)
  3 dart slugs
  3 endoplasms
  6 giant cockroaches
  3 goblins
  4 hobgoblins
  12 jackals
  3 quokkas
  4 ball pythons (D:1)
  6 bats
  A frilled lizard (D:1)
  7 kobolds
  6 rats
61 creatures vanquished.

Notes
Turn   | Place    | Note
-------+----------+-------------------------------------------
     0 | D:1      | dickylongcocking the Octopode Transmuter began the quest
                  | for the Orb.
     0 | D:1      | Reached XP level 1. HP: 13/13 MP: 3/3
   322 | D:1      | Reached skill level 1 in Stealth
   394 | D:1      | Reached XP level 2. HP: 13/18 MP: 5/5
  1229 | D:1      | Reached XP level 3. HP: 19/23 MP: 6/6
  1262 | D:1      | Reached skill level 4 in Unarmed Combat
  2157 | D:2      | Learned a level 2 spell: Wereblood
  2169 | D:2      | Noticed Sigmund
  2179 | D:2      | Killed Sigmund
  2180 | D:2      | Reached skill level 5 in Unarmed Combat
  2180 | D:2      | Reached XP level 4. HP: 9/28 MP: 5/7
  2180 | D:2      | Reached XP level 5. HP: 11/33 MP: 5/8
  2682 | D:2      | Found a faded altar of an unknown god.
  3096 | D:3      | Found a glowing drain.
  3107 | D:3      | Reached XP level 6. HP: 29/38 MP: 9/9
  3119 | Sewer    | Entered a sewer
  3510 | Sewer    | Slain by a kobold

Illustrated notes

Levels and vault maps discovered:
D:1:      heliophobic_arrival_glass_houses, layout_loops_ring
D:2:      layout_rooms, hellmonk_ecumenical_altar_zigzags, uniq_sigmund
D:3:      layout_basic, gup_sewer_entry_pipe
Sewer:    sewer_kobolds

Skill      XL: |  1  2  3 |
---------------+----------+-----
Stealth        | 1 4 |  4.3
Unarmed Combat | 5 |  5.5
Fighting       | |  1.2
Dodging        | |  2.0
Spellcasting   | |  2.0
Transmutations | |  2.3

Action                   |  1- 3 |  4- 6 || total
-------------------------+-------+-------++-------
Melee: Unarmed           |   111 |    42 ||   153
       Tentacles         |    19 |    11 ||    30
       Constrict         |    26 |    13 ||    39
       Kick              |     7 |     2 ||     9
       Punch             |     1 |     1 ||     2
 Cast: Beastly Appendage |     4 |     2 ||     6
  Use: Potion            |       |     2 ||     2
 Stab: Sleeping          |     6 |    11 ||    17
Armor: Skin              |     5 |     1 ||     6
Dodge: Dodged            |    63 |    26 ||    89

Table legend: (Time is in decaauts)
 A = Elapsed time spent in this place.
 B = Non-inter-level travel time spent in this place.
 C = Inter-level travel time spent in this place.
 D = Time resting spent in this place.
 E = Time spent auto-exploring this place.
 F = Levels seen in this place.
 G = Mean time per level.
                   A        B        C        D        E       F      G
               +--------+--------+--------+--------+--------+-----+--------+
         Total |   3501 |   3420 |     81 |    759 |   2270 |   4 |  875.2 |
       Dungeon |   3110 |   3029 |     81 |    476 |   2204 |   3 | 1036.7 |
         Sewer |    390 |    390 |      0 |    283 |     66 |   1 |  390.0 |
               +--------+--------+--------+--------+--------+-----+--------+

Top non-repeatable levels by time:
     D:1: 2352 daAuts
     D:2: 683 daAuts
   Sewer: 390 daAuts
     D:3: 74 daAuts
